 Dungeon Crawl Stone Soup version 0.30.1-1-g62c8e00024 (webtiles) character file.

Game seed: 10825881871705835036

88 cheesebisquit the Chopper (level 4, 0/40 HPs)
             Began as a Hill Orc Fighter on July 15, 2023.
             Was an Initiate of Beogh.
             Killed from afar by an orc wizard (6 damage)
             ... with a puff of flame
             ... on level 4 of the Dungeon.
             The game lasted 00:05:02 (2233 turns).

cheesebisquit the Chopper (Hill Orc Fighter)        Turns: 2233, Time: 00:05:02

Health: 0/40       AC: 12    Str: 20    XL:     4   Next: 54%
Magic:  4/4        EV:  5    Int:  8    God:    Beogh [......]
Gold:   164        SH:  0    Dex: 10    Spells: 3/3 levels left

rFire   . . .        a - +0 war axe
rCold   . . .        c - +0 buckler
rNeg    . . .        w - +0 plate armour
rPois   .            (no helmet)
rElec   .            (no cloak)
rCorr   .            r - +0 pair of gloves
SInv    .            (no boots)
Will    .....        (no amulet) Stlth
                     n - ring of wizardry
HPRegen 0.26/turn    (no ring)
MPRegen 0.09/turn

%: wizardry (x1)
@: confused, mighty
A: no striking features
a: Renounce Religion


You were on level 4 of the Dungeon.
You worshipped Beogh.
Beogh was noncommittal.
You visited 1 branch of the dungeon, and saw 4 of its levels.

You collected 164 gold pieces.

Inventory:

Hand Weapons
 a - a +0 war axe (weapon)
Missiles
 k - 7 poisoned darts (quivered)
 s - a boomerang
Armour
 c - a +0 buckler (worn)
 r - a +0 pair of gloves (worn)
 w - a +0 plate armour (worn)
Jewellery
 n - a ring of wizardry (left hand)
Scrolls
 b - a scroll of butterflies {unknown}
 e - a scroll of teleportation {unknown}
 f - a scroll of vulnerability {unknown}
 g - 4 scrolls of amnesia {unknown}
 i - a scroll of magic mapping {unknown}
 j - 4 scrolls of identify {unknown}
 l - 2 scrolls of immolation {unknown}
 m - a scroll of enchant weapon {unknown}
 o - a scroll of silence {unknown}
 q - a scroll of brand weapon {unknown}
 t - a scroll of enchant armour {unknown}
 u - a scroll of blinking {unknown}
 v - a scroll of noise {unknown}
Potions
 d - a potion of might
 h - a potion of heal wounds {unknown}
 p - 2 potions of berserk rage {unknown}
 x - a potion of invisibility {unknown}


   Skills:
 + Level 4.2 Fighting
 * Level 4.4 Axes
 + Level 3.8 Armour
 + Level 3.9 Shields


You had 3 spell levels left.
You didn't know any spells.
Your spell library contained the following spells:

 Spells                   Type           Power      Damage    Failure   Level
 Apportation              Tloc           0%         N/A       99%         1
 Beastly Appendage        Tmut           0%         N/A       99%         1
 Freeze                   Ice            0%         1d3       99%         1
 Necrotise                Necr           0%         1d4       99%         1
 Summon Small Mammal      Summ           0%         N/A       99%         1
 Scorch                   Fire           0%         2d5       100%        2
 Wereblood                Tmut           0%         N/A       100%        2
 Frozen Ramparts          Ice            0%         1d1       100%        3
 Hailstorm                Conj/Ice       0%         3d3       100%        3
 Ozocubu's Armour         Ice            0%         N/A       100%        3
 Spider Form              Tmut/Pois      0%         N/A       100%        3
 Swiftness                Air            0%         N/A       100%        3
 Flame Wave               Conj/Fire      0%         2d4       100%        4
 Silence                  Hex/Air        0%         N/A       100%        5
 Summon Cactus Giant      Summ           0%         N/A       100%        6
 Chain Lightning          Conj/Air       0%         N/A       100%        9


Dungeon Overview and Level Annotations

Branches:
Dungeon (4/15)
 Temple: D:4-7

Altars:
Ru


Message History

* * * LOW HITPOINT WARNING * * *
The jackal bites you but does no damage.
You barely miss something. You hit the jackal. You closely miss something.
The jackal barely misses you. Something hits you but does no damage.
You hear some strange, mumbled words.
You are more confused.
The jackal bites you but does no damage.
Something hits you but does no damage.
You're too confused to move!
Something hits you but does no damage. Something hits you.
* * * LOW HITPOINT WARNING * * *
You miss something. You closely miss something. You slash the jackal!
You kill the jackal!
Beogh accepts your kill. Something hits you but does no damage.
You hear some strange, mumbled words.
A puff of flame appears from out of thin air!
The puff of flame hits you.
* * * LOW HITPOINT WARNING * * *
You hear some strange, mumbled words.
Something tries to affect you, but you resist.
Something hits you but does no damage. The jackal attacks as you move away!
The jackal completely misses you.
An adder comes into view.
A magic dart appears from out of thin air!
The magic dart hits you but does no damage.
An orc wizard appears from thin air!
Reactivating autopickup.
The jackal bites you but does no damage.
You slash the jackal!
You kill the jackal!
Beogh accepts your kill.
You closely miss something. You hit the jackal.
The jackal bites you but does no damage.
Something hits you but does no damage.
Deactivating autopickup; reactivate with Ctrl-A.
The orc wizard casts a spell at you. The puff of flame hits you.
You die...
Beogh appreciates the orc wizard's killing of a heretic priest.

#.# #..##...#.#
#.####..####.#.#
#.......# ....#
##.####..####.##.###.#
........)........# #.#
#....).)†....##<## ##
#######o#.....$... ..
#..h......#.# #.
##@..#.##.#.### #.
##.##.# .#....###.
..S... ..........
..................
#../.....8.......8
.#................
#.....8......†..
#..............
..8.......8


You could see an orc wizard, an adder and a jackal.

Vanquished Creatures
  An adder (D:4)
  A worm (D:2)
  2 dart slugs
  7 orcs
  8 ball pythons
  2 bats
  13 endoplasms
  5 goblins
  6 hobgoblins
  2 jackals (D:4)
  4 quokkas
  4 frilled lizards (D:1)
  4 kobolds
  5 rats
64 creatures vanquished.

Vanquished Creatures (others)
  An adder (D:3)
  A ball python (D:3)
2 creatures vanquished.

Grand Total: 66 creatures vanquished

Notes
Turn   | Place    | Note
-------+----------+-------------------------------------------
     0 | D:1      | cheesebisquit the Hill Orc Fighter began the quest for the
                  | Orb.
     0 | D:1      | Reached XP level 1. HP: 19/19 MP: 1/1
    97 | D:1      | Reached XP level 2. HP: 27/27 MP: 2/2
   763 | D:1      | Reached XP level 3. HP: 33/33 MP: 3/3
  1420 | D:3      | Became a worshipper of Beogh the Brigand
  1564 | D:3      | Reached XP level 4. HP: 37/40 MP: 4/4
  1576 | D:3      | Found a sacrificial altar of Ru.
  1716 | D:3      | Found a faded altar of an unknown god.
  2049 | D:4      | Got the Catalogue of Hazy Cold
  2233 | D:4      | Killed from afar by an orc wizard

Illustrated notes

Levels and vault maps discovered:
D:1:      roderic_chinese_lattice_arrival, layout_loops_ring, serial_glass,
          glass_columns_c, glass_columns_a, minmay_quantized
D:2:      layout_basic, minmay_surrounded
D:3:      layout_basic, nicolae_ru_sacrificial_ziggurat, basic_ecumenical_altar
D:4:      wad_pebble_path, layout_loops_ring, nicolae_uskayaw_dance_hall,
          grunt_nemelex_the_gamble

Skill      XL: |  1  2  3 |
---------------+----------+-----
Axes           | 3 4 |  4.4
Fighting       | 4 |  4.2
Armour         | |  3.8
Shields        | |  3.9

Action                     |  1- 3 |  4- 6 || total
---------------------------+-------+-------++-------
  Melee: War axe           |   123 |    39 ||   162
 Invoke: Convert to Beogh  |     1 |       ||     1
    Use: Potion            |       |     1 ||     1
 Armour: Scale mail        |    36 |     4 ||    40
         Plate armour      |       |    35 ||    35
  Dodge: Dodged            |    47 |    14 ||    61
  Block: Buckler           |    26 |     6 ||    32
